| TOP OF THE 1ST |
|
Akron RubberDucks batting - Pitching for Erie SeaWolves : RHP Jerome Stady
|
|
Pitching: RHP Jerome Stady
|
|
|
Batting: LHB Nick Welling
|
0-0: Ball 1-0: Ball 2-0: Called Strike 2-1: Fly out, F7 (Flyball, 7LS, EV 88.1 MPH)
|
|
Batting: SHB Jarrod Lindblad
|
0-0: Ball 1-0: Called Strike 1-1: SINGLE (Line Drive, 4D, EV 100.0 MPH)
|
|
Batting: RHB Tristan Wright
|
0-0: Ball 1-0: Called Strike Jarrod Lindblad steals 2nd base 1-1: Called Strike 1-2: Fly out, F7 (Flyball, 7, EV 83.8 MPH)
|
|
Batting: LHB Costodio Varino
|
0-0: Ground out U3 (Groundball, 34, EV 86.2 MPH)
|
| Top of the 1st over - 0 runs, 1 hit, 0 errors, 1 left on base; Akron 0 - Erie 0 |
| BOTTOM OF THE 1ST |
|
Erie SeaWolves batting - Pitching for Akron RubberDucks : RHP Chris DeVall
|
|
Pitching: RHP Chris DeVall
|
|
|
Batting: RHB Janne Vihko
|
0-0: Ball 1-0: Bunt missed! 1-1: Ball 2-1: Ground out 5-3 (Groundball, 6S, EV 63.8 MPH)
|
|
Batting: RHB Norm Wood
|
0-0: Fly out, F9 (Line Drive, 89M, EV 96.9 MPH)
|
|
Batting: LHB Afanasy Zasekin
|
0-0: Called Strike 0-1: Called Strike 0-2: Strikes out swinging
|
| Bottom of the 1st over - 0 runs, 0 hits, 0 errors, 0 left on base; Akron 0 - Erie 0 |
| TOP OF THE 2ND |
|
Akron RubberDucks batting - Pitching for Erie SeaWolves : RHP Jerome Stady
|
|
Batting: RHB Justin Lauderdale
|
0-0: Foul Ball, location: 2F 0-1: Fly out, F4 (Popup, 3DF, EV 50.6 MPH)
|
|
Batting: RHB Adam McMillen
|
0-0: Swinging Strike 0-1: Ball 1-1: Called Strike 1-2: SINGLE (Groundball, 23, EV 66.9 MPH) (infield hit)
|
|
Batting: RHB Chris Diaz
|
0-0: Called Strike 0-1: Ball 1-1: Ball 2-1: Called Strike 2-2: Foul Ball, location: 2F 2-2: Ball 3-2: Strikes out swinging
|
|
Batting: RHB Anibal Casteles
|
0-0: Ball 1-0: Ball 2-0: Fielders Choice at 2nd, 5-4 (Groundball, 5, EV 93.8 MPH)
|
| Top of the 2nd over - 0 runs, 1 hit, 0 errors, 1 left on base; Akron 0 - Erie 0 |
| BOTTOM OF THE 2ND |
|
Erie SeaWolves batting - Pitching for Akron RubberDucks : RHP Chris DeVall
|
|
Batting: RHB Benny O'Connor
|
0-0: Ball 1-0: Ball 2-0: Ball 3-0: Called Strike 3-1: Ground out 6-3 (Groundball, 6, EV 111.9 MPH)
|
|
Batting: RHB Joel Miller
|
0-0: Called Strike 0-1: Ball 1-1: Ball 2-1: Foul Ball, location: 2F 2-2: Fly out, F9 (Flyball, 9LS, EV 95.0 MPH)
|
|
Batting: RHB German Quiroga
|
0-0: Ball 1-0: Ball 2-0: Ball 3-0: Ground out 6-3 (Groundball, 6, EV 85.0 MPH)
|
| Bottom of the 2nd over - 0 runs, 0 hits, 0 errors, 0 left on base; Akron 0 - Erie 0 |
| TOP OF THE 3RD |
|
Akron RubberDucks batting - Pitching for Erie SeaWolves : RHP Jerome Stady
|
|
Batting: SHB Javon Mitchell
|
0-0: Ground out U3 (Groundball, 3, EV 83.8 MPH)
|
|
Batting: LHB Nick Welling
|
0-0: Ball 1-0: Fly out, F7 (Flyball, 7D, EV 111.2 MPH)
|
|
Batting: SHB Jarrod Lindblad
|
0-0: Ball 1-0: Called Strike 1-1: Foul Ball, location: 2F 1-2: Ball 2-2: Foul Ball, location: 2F 2-2: Ball 3-2: Foul Ball, location: 2F 3-2: Fly out, F9 (Flyball, 89D, EV 80.6 MPH)
|
| Top of the 3rd over - 0 runs, 0 hits, 0 errors, 0 left on base; Akron 0 - Erie 0 |
| BOTTOM OF THE 3RD |
|
Erie SeaWolves batting - Pitching for Akron RubberDucks : RHP Chris DeVall
|
|
Batting: RHB Keith Hoffman
|
0-0: Fly out, F9 (Line Drive, 9, EV 94.4 MPH)
|
|
Batting: RHB Jaden Warrior
|
0-0: Ball 1-0: Fly out, F4 (Popup, 3S, EV 77.5 MPH)
|
|
Batting: LHB Nick Nino
|
0-0: Called Strike 0-1: Called Strike 0-2: Foul Ball, location: 2F 0-2: Foul Ball, location: 2F 0-2: Strikes out swinging
|
| Bottom of the 3rd over - 0 runs, 0 hits, 0 errors, 0 left on base; Akron 0 - Erie 0 |
| TOP OF THE 4TH |
|
Akron RubberDucks batting - Pitching for Erie SeaWolves : RHP Jerome Stady
|
|
Batting: RHB Tristan Wright
|
0-0: Ball 1-0: Fly out, F7 (Flyball, 78M, EV 95.6 MPH)
|
|
Batting: LHB Costodio Varino
|
0-0: Swinging Strike 0-1: Called Strike 0-2: Ball 1-2: Ball 2-2: Ball 3-2: Strikes out looking
|
|
Batting: RHB Justin Lauderdale
|
0-0: Ball 1-0: Ground out 6-3 (Groundball, 56, EV 80.0 MPH)
|
| Top of the 4th over - 0 runs, 0 hits, 0 errors, 0 left on base; Akron 0 - Erie 0 |
| BOTTOM OF THE 4TH |
|
Erie SeaWolves batting - Pitching for Akron RubberDucks : RHP Chris DeVall
|
|
Batting: RHB Janne Vihko
|
0-0: Called Strike 0-1: Swinging Strike 0-2: Ball 1-2: Ground out 5-3 (Groundball, 56, EV 90.0 MPH)
|
|
Batting: RHB Norm Wood
|
0-0: Foul Ball, location: 2F 0-1: Ball 1-1: Ball 2-1: Ball 3-1: Base on Balls
|
|
Batting: LHB Afanasy Zasekin
|
0-0: Foul Ball, location: 2F 0-1: Called Strike 0-2: Ball 1-2: Foul Ball, location: 2F 1-2: Ball Wild Pitch! Norm Wood to second 2-2: Ball 3-2: Ground out 4-3 (Groundball, 34D, EV 91.2 MPH) Norm Wood to third
|
|
Batting: RHB Benny O'Connor
|
0-0: Ball 1-0: SINGLE (Groundball, 56D, EV 96.9 MPH) Norm Wood scores
|
|
Batting: RHB Joel Miller
|
0-0: Called Strike 0-1: Called Strike 0-2: Foul Ball, location: 2F 0-2: Foul Ball, location: 2F 0-2: Foul Ball, location: 2F 0-2: Ball 1-2: Ball 2-2: Ball 3-2: Fly out, F8 (Flyball, 8RS, EV 96.9 MPH)
|
| Bottom of the 4th over - 1 run, 1 hit, 0 errors, 1 left on base; Akron 0 - Erie 1 |
| TOP OF THE 5TH |
|
Akron RubberDucks batting - Pitching for Erie SeaWolves : RHP Jerome Stady
|
|
Batting: RHB Adam McMillen
|
0-0: Called Strike 0-1: SINGLE (Groundball, 6D, EV 93.8 MPH)
|
|
Batting: RHB Chris Diaz
|
0-0: Called Strike 0-1: Called Strike 0-2: Ball 1-2: Ball Adam McMillen is caught stealing 2nd base 2-4 2-2: Strikes out looking
|
|
Batting: RHB Anibal Casteles
|
0-0: Ball 1-0: Ball 2-0: Ball 3-0: Called Strike 3-1: Foul Ball, location: 2F 3-2: SINGLE (Groundball, 6MD, EV 105.0 MPH)
|
|
Batting: SHB Javon Mitchell
|
0-0: Ball 1-0: Fly out, F8 (Flyball, 8LD, EV 100.0 MPH)
|
| Top of the 5th over - 0 runs, 2 hits, 0 errors, 1 left on base; Akron 0 - Erie 1 |
| BOTTOM OF THE 5TH |
|
Erie SeaWolves batting - Pitching for Akron RubberDucks : RHP Chris DeVall
|
|
Batting: RHB German Quiroga
|
0-0: Called Strike 0-1: Ball 1-1: Ball 2-1: Foul Ball, location: 2F 2-2: Ball 3-2: Foul Ball, location: 2F 3-2: Fly out, F7 (Flyball, 78M, EV 90.6 MPH)
|
|
Batting: RHB Keith Hoffman
|
0-0: Called Strike 0-1: Ball 1-1: Ball 2-1: Foul Ball, location: 2F 2-2: Foul Ball, location: 2F 2-2: Ball 3-2: Base on Balls
|
|
Batting: RHB Jaden Warrior
|
0-0: Ball 1-0: Foul Ball, location: 2F 1-1: Fly out, F9 (Flyball, 9S, EV 75.0 MPH)
|
|
Batting: LHB Nick Nino
|
0-0: SINGLE (Flyball, 78S, EV 84.4 MPH) Keith Hoffman to second
|
|
Batting: RHB Janne Vihko
|
0-0: SINGLE (Groundball, 15S, EV 70.0 MPH) (infield hit) Keith Hoffman to third Nick Nino to second
|
|
Batting: RHB Norm Wood
|
0-0: Called Strike 0-1: Swinging Strike 0-2: Ball 1-2: Strikes out swinging
|
| Bottom of the 5th over - 0 runs, 2 hits, 0 errors, 3 left on base; Akron 0 - Erie 1 |
| TOP OF THE 6TH |
|
Akron RubberDucks batting - Pitching for Erie SeaWolves : RHP Jerome Stady
|
|
Batting: LHB Nick Welling
|
0-0: Ball 1-0: Ball 2-0: Foul Ball, location: 2F 2-1: Called Strike 2-2: Ground out U3 (Groundball, 23, EV 86.2 MPH)
|
|
Batting: SHB Jarrod Lindblad
|
0-0: Ball 1-0: Fly out, F7 (Flyball, 78S, EV 90.6 MPH)
|
|
Batting: RHB Tristan Wright
|
0-0: Called Strike 0-1: Ball 1-1: Ball 2-1: Called Strike 2-2: Fly out, F9 (Line Drive, 89M, EV 100.0 MPH)
|
| Top of the 6th over - 0 runs, 0 hits, 0 errors, 0 left on base; Akron 0 - Erie 1 |
| BOTTOM OF THE 6TH |
|
Erie SeaWolves batting - Pitching for Akron RubberDucks : RHP Chris DeVall
|
|
Batting: LHB Afanasy Zasekin
|
0-0: Called Strike 0-1: Swinging Strike 0-2: Strikes out swinging
|
|
Batting: RHB Benny O'Connor
|
0-0: SINGLE (Groundball, 6D, EV 98.1 MPH)
|
|
Batting: RHB Joel Miller
|
0-0: Foul Ball, location: 2F 0-1: Ball 1-1: Grounds into double play, 6-4-3 (Groundball, 6, EV 83.8 MPH)
|
| Bottom of the 6th over - 0 runs, 1 hit, 0 errors, 0 left on base; Akron 0 - Erie 1 |
| TOP OF THE 7TH |
|
Akron RubberDucks batting - Pitching for Erie SeaWolves : RHP Jerome Stady
|
|
Batting: LHB Costodio Varino
|
0-0: Called Strike 0-1: Ball 1-1: Foul Ball, location: 2F 1-2: Foul Ball, location: 2F 1-2: Strikes out swinging
|
|
Pinch Hitting: SHB Dan Morataya
|
0-0: Ball 1-0: Called Strike 1-1: Swinging Strike 1-2: Strikes out swinging
|
|
Batting: RHB Adam McMillen
|
0-0: Ball 1-0: Ball 2-0: Ground out 4-3 (Groundball, 4S, EV 63.1 MPH)
|
| Top of the 7th over - 0 runs, 0 hits, 0 errors, 0 left on base; Akron 0 - Erie 1 |
| BOTTOM OF THE 7TH |
|
Erie SeaWolves batting - Pitching for Akron RubberDucks : RHP Chris DeVall
|
|
Now in RF: Dan Morataya
|
|
|
Batting: RHB German Quiroga
|
0-0: Foul Ball, location: 2F 0-1: Ball 1-1: Foul Ball, location: 2F 1-2: Ball 2-2: Ground out 6-3 (Groundball, 6D, EV 85.0 MPH)
|
|
Batting: RHB Keith Hoffman
|
0-0: Ball 1-0: Ball 2-0: Ball 3-0: Called Strike 3-1: Swinging Strike 3-2: Strikes out looking
|
|
Pitching: RHP Victor Barron
|
|
|
Batting: RHB Jaden Warrior
|
0-0: Foul Ball, location: 2F 0-1: Ball 1-1: Ball 2-1: Ground out 4-3 (Groundball, 4MD, EV 90.0 MPH)
|
| Bottom of the 7th over - 0 runs, 0 hits, 0 errors, 0 left on base; Akron 0 - Erie 1 |
| TOP OF THE 8TH |
|
Akron RubberDucks batting - Pitching for Erie SeaWolves : RHP Jerome Stady
|
|
Pinch Hitting: LHB Stu Sornson
|
0-0: Called Strike 0-1: Called Strike 0-2: Strikes out looking
|
|
Batting: RHB Anibal Casteles
|
0-0: Ball 1-0: DOUBLE (Flyball, 89XD, EV 108.1 MPH)
|
|
Batting: SHB Javon Mitchell
|
0-0: Ball 1-0: Swinging Strike 1-1: Ball 2-1: Ground out 4-3 (Groundball, 4, EV 80.0 MPH) Anibal Casteles to third
|
|
Batting: LHB Nick Welling
|
0-0: Ball 1-0: Ground out U3 (Groundball, 3L, EV 106.2 MPH)
|
| Top of the 8th over - 0 runs, 1 hit, 0 errors, 1 left on base; Akron 0 - Erie 1 |
| BOTTOM OF THE 8TH |
|
Erie SeaWolves batting - Pitching for Akron RubberDucks : RHP Victor Barron
|
|
Now at 3B: Edwin Dominguez
|
|
|
Batting: LHB Nick Nino
|
0-0: Ball 1-0: Called Strike 1-1: SINGLE (Groundball, 5L, EV 103.8 MPH) (infield hit)
|
|
Batting: RHB Janne Vihko
|
0-0: Sac Bunt to 3S - play at first, batter OUT! 3-1 Nick Nino to second
|
|
Batting: RHB Norm Wood
|
0-0: Called Strike 0-1: Foul Ball, location: 2F 0-2: Foul Ball, location: 2F 0-2: Strikes out swinging
|
|
Batting: LHB Afanasy Zasekin
|
0-0: Ball 1-0: Ground out 4-3 (Groundball, 4, EV 77.5 MPH)
|
| Bottom of the 8th over - 0 runs, 1 hit, 0 errors, 1 left on base; Akron 0 - Erie 1 |
| TOP OF THE 9TH |
|
Akron RubberDucks batting - Pitching for Erie SeaWolves : RHP Jerome Stady
|
|
Pitching: RHP Kyle Moore
|
|
|
Now in LF: Tanner Purchase
|
|
|
Batting: SHB Jarrod Lindblad
|
0-0: Ground out U3 (Groundball, 34S, EV 83.1 MPH)
|
|
Batting: RHB Tristan Wright
|
0-0: Called Strike 0-1: Foul Ball, location: 2F 0-2: Strikes out looking
|
|
Batting: LHB Costodio Varino
|
0-0: Ball 1-0: Ball 2-0: Foul Ball, location: 2F 2-1: Swinging Strike 2-2: Ball 3-2: Base on Balls
|
|
Batting: SHB Dan Morataya
|
0-0: Called Strike 0-1: Ball 1-1: Swinging Strike 1-2: Foul Ball, location: 2F 1-2: Fly out, F8 (Flyball, 8RD, EV 101.9 MPH)
|
| Top of the 9th over - 0 runs, 0 hits, 0 errors, 1 left on base; Akron 0 - Erie 1 |
|